 Dungeon Crawl Stone Soup version 0.29.1-1-gd02db69 (webtiles) character file.

Game seed: 5755486955394087496

11151 jagoly the Fighter (level 11, -1/97 HPs)
             Began as an Octopode Transmuter on Oct 1, 2022.
             Was a High Priest of Elyvilon.
             Slain by a vampire mosquito (4 damage)
             ... summoned by Maurice
             ... on level 11 of the Dungeon.
             The game lasted 01:08:31 (12336 turns).

jagoly the Fighter (Octopode Transmuter)           Turns: 12336, Time: 01:08:31

Health: -1/97      AC:  9    Str:  9    XL:     11   Next: 73%
Magic:  26/26      EV: 18    Int: 20    God:    Elyvilon [*****.]
Gold:   564        SH:  0    Dex: 13    Spells: 5/18 levels left

rFire   . . .      SeeInvis .     - Unarmed
rCold   + + .      Faith    +   (shield currently unavailable)
rNeg    + . .      Spirit   .   (helmet currently unavailable)
rPois   +          Reflect  .   o - amulet of faith
rElec   +          Harm     .   h - +4 ring of evasion
rCorr   +          Rampage  .   r - ring of magical power
Will    .....                   b - ring "Zazenae" {rElec rN+ rCorr EV+4}
Stlth   +++.......              C - ring of fire
HPRegen 0.26/turn               (no ring)
MPRegen 0.20/turn               (no ring)
                                (no ring)
                                (no ring)

@: ice-form
A: freezing attack, boosted hp, almost no armour, amphibious, 8 rings, large,
(camouflage 1), (gelatinous body 1), (nimble swimmer 1), (tentacles)
a: End Transformation, Renounce Religion, Purification, Heal Other, Heal Self,
Divine Vigour


You were on level 11 of the Dungeon.
You worshipped Elyvilon.
Elyvilon was extremely pleased with you.
You were a creature of crystalline ice.
You visited 2 branches of the dungeon, and saw 12 of its levels.
You visited the Abyss 1 time.

You collected 612 gold pieces.
You spent 48 gold pieces at shops.

Inventory:

Hand Weapons
 k - a +0 sling
 w - a +2 shortbow of freezing (melded)
 B - a +1 trident of venom
Missiles
 e - 89 stones
 q - a throwing net
 y - 5 poisoned darts
 E - 7 boomerangs
 L - 6 curare-tipped darts
Jewellery
 b - the ring "Zazenae" (on tentacle) {rElec rN+ rCorr EV+4}
   (You found it on level 10 of the Dungeon)

   [ring of evasion]

   EV:        It affects your evasion (+4).
   rElec:     It insulates you from electricity.
   rN:        It protects you from negative energy.
   rCorr:     It protects you from acid and corrosion.
 h - a +4 ring of evasion (left front paw)
 o - an amulet of faith (around neck)
 r - a ring of magical power (right front paw)
 C - a ring of fire (on tentacle)
Wands
 s - a wand of flame (5)
 M - a wand of polymorph (4)
 R - a wand of digging (2)
Scrolls
 d - a scroll of brand weapon {unknown}
 i - a scroll of blinking {unknown}
 l - a scroll of fog {unknown}
 n - 2 scrolls of enchant weapon
 t - a scroll of summoning
 v - 2 scrolls of magic mapping
 x - 2 scrolls of enchant armour
 z - a scroll of fear {unknown}
 A - a scroll of teleportation {unknown}
 D - 4 scrolls of amnesia
 F - a scroll of noise {unknown}
 H - a scroll of poison {unknown}
 K - a scroll of torment {unknown}
 O - a scroll of vulnerability {unknown}
 P - 2 scrolls of acquirement {unknown}
 S - a scroll of immolation {unknown}
Potions
 a - a potion of lignification
 c - a potion of cancellation {unknown}
 f - 2 potions of might
 g - 2 potions of magic {unknown}
 j - 2 potions of heal wounds
 m - 5 potions of haste
 p - 2 potions of attraction {unknown}
 u - 3 potions of degeneration {unknown}
 G - 2 potions of resistance {unknown}
 I - 2 potions of brilliance {unknown}
 J - a potion of berserk rage {unknown}
 N - 2 potions of curing {unknown}
 Q - a potion of flight {unknown}


   Skills:
 + Level 9.9 Fighting
 - Level 2.0 Dodging
 - Level 5.0 Stealth
 + Level 9.8 Unarmed Combat
 - Level 4.0 Spellcasting
 - Level 8.0 Transmutations
 - Level 8.0 Ice Magic
 - Level 2.0 Poison Magic


You had 5 spell levels left.
You knew the following spells:

 Your Spells              Type           Power      Damage    Failure   Level
A - Beastly Appendage     Tmut           72%        N/A       1%          1
O - Ice Form              Ice/Tmut       36%        N/A       4%          4
P - Spider Form           Tmut/Pois      24%        N/A       4%          3
T - Ozocubu's Armour      Ice            36%        N/A       1%          3
W - Wereblood             Tmut           36%        N/A       1%          2

Your spell library contained the following spells:

 Spells                   Type           Power      Damage    Failure   Level
 Magic Dart               Conj           16%        1d3       13%         1
 Call Imp                 Summ           4%         N/A       19%         2
 Searing Ray              Conj           8%         2d4       19%         2
 Mephitic Cloud           Conj/Pois/Air  6%         N/A       30%         3
 Gell's Gravitas          Tloc           4%         N/A       36%         3
 Lesser Beckoning         Tloc           4%         N/A       36%         3
 Stone Arrow              Conj/Erth      8%         3d7       36%         3
 Teleport Other           Tloc           4%         N/A       36%         3
 Fulminant Prism          Conj/Hex       2%         3d6       77%         4
 Iskenderun's Mystic Bla  Conj/Tloc      4%         2d3       77%         4
 Lee's Rapid Deconstruct  Erth           2%         3d5*      98%         5
 Ozocubu's Refrigeration  Ice            18%        4d11      99%         7
 Lehudib's Crystal Spear  Conj/Erth      2%         10d2      100%        8
 Animate Armour           Summ/Erth      Unusable   N/A       N/A         4

Dungeon Overview and Level Annotations

Branches:
Dungeon (11/15) Zot: 26784  Temple (1/1) D:7 Zot: 5949     Orc (0/2) D:9
   Lair: D:8-11

Altars:
Ashenzari
Cheibriados
Dithmenos
Elyvilon
Fedhas
Gozag
Hepliaklqana
Kikubaaqudgha
Makhleb
Nemelex Xobeh
Okawaru
Qazlal
Ru
Sif Muna
Trog
Uskayaw
Vehumet
Wu Jian
Xom
Yredelemnul
Zin
The Shining One

Shops:
D:8 *

Annotations:
D:11 Maurice


Innate Abilities, Weirdness & Mutations

You are a creature of crystalline ice.
You have a powerful freezing melee attack.
Your maximum health is increased.
Your armour is entirely melded.
You are incapable of wielding weapons or throwing items.
You cannot wear most types of armour.
You are amphibious.
You can wear up to eight rings at the same time.
((Your skin changes colour to match your surroundings (Stealth+).))
((Your rubbery body absorbs attacks. (AC +1, EV +1)))
((You are camouflaged when in or above water. (Stealth+)))
((You have tentacles for arms and can constrict up to eight enemies at once.))


Message History

* * * LOW HITPOINT WARNING * * *
The vampire mosquito draws strength from your injuries!
You pummel the vampire mosquito!! You freeze the vampire mosquito.
You destroy the vampire mosquito!
The vampire mosquito's corpse dissolves into shadows!
The vampire mosquito completely misses you.
The vampire mosquito bites you.
* * * LOW HITPOINT WARNING * * *
The orc misses you. The orc priest barely misses you.
The orc wizard casts a spell at you. The magic dart hits you.
* * * LOW HITPOINT WARNING * * *
The five-headed hydra barely misses you.
The five-headed hydra misses you.
The five-headed hydra bites you but does no damage.
The five-headed hydra barely misses you.
The five-headed hydra bites you.
* * * LOW HITPOINT WARNING * * *
The orc attacks as you move away! The orc hits you but does no damage.
The orc wizard attacks as you move away!
The orc wizard misses you.
The five-headed hydra attacks as you move away!
The five-headed hydra completely misses you.
The five-headed hydra misses you. The five-headed hydra bites you!
* * * LOW HITPOINT WARNING * * *
The five-headed hydra bites you!
* * * LOW HITPOINT WARNING * * *
The five-headed hydra bites you!
* * * LOW HITPOINT WARNING * * *
The vampire mosquito bites you but does no damage.
The vampire mosquito bites you.
* * * LOW HITPOINT WARNING * * *
The vampire mosquito draws strength from your injuries!
The vampire mosquito completely misses you.
The vampire mosquito bites you. Elyvilon protects you from harm!
The vampire mosquito draws strength from your injuries!
There is a stone staircase leading up, spattered with blood here.
The vampire mosquito bites you.
You die...

#..........#
#..........#
#..........# #
#..........#
..#...!......#
#........{<.#
##...Do...##
####...yyD....#
.......Yooo...#
........o.....#
####..........#
#.)........#
#.........##
#........##
##.####### #.


You could see a five-headed hydra (summoned), an acid dragon (summoned), 2
vampire mosquitoes, an orc priest (summoned), an orc wizard (summoned) and 3
orcs.

Vanquished Creatures
  A spriggan zombie (Abyss:1)
  A two-headed ogre (D:10)
  Sonja (D:10)
  A sixfirhy (Abyss:1)
  Pikel (D:4)
  A manticore (D:10)
  A rust devil (Abyss:1)
  2 ancient zymes (Abyss:1)
  3 raiju (Abyss:1)
  Sigmund (D:3)
  A shadow (D:10)
  16 yaks
  2 small abominations (Abyss:1)
  Menkaure (D:7)
  A water moccasin (D:8)
  8 orc warriors
  The ghost of geeeeen the Vexing, an amateur FeEn (D:4)
  A black bear (D:6)
  An ice beast (D:5)
  3 centaurs
  2 phantoms
  3 kobold brigands
  Blork the orc (D:4)
  2 bullfrogs
  3 scorpions
  A necrophage (D:7)
  8 wights (D:8)
  3 killer bees (D:10)
  An electric eel (D:7)
  3 howler monkeys (D:10)
  A jelly (D:6)
  A quasit (Abyss:1)
  3 hounds (D:5)
  Crazy Yiuf (D:7)
  A gnoll bouda (D:6)
  2 iron imps (Abyss:1)
  3 orc priests
  Natasha (thrice) (D:2)
  3 iguanas
  8 orc wizards
  Ijyb (D:4)
  8 gnolls
  5 adders
  3 shadow imps
  2 white imps (D:8)
  2 worms
  5 dart slugs
  40 orcs
  2 endoplasms
  4 giant cockroaches
  11 hobgoblins
  4 jackals (D:2)
  23 kobolds
  7 ball pythons
  7 bats
  A frilled lizard (D:3)
  7 goblins
  8 rats
  A bush (Abyss:1)
242 creatures vanquished.

Vanquished Creatures (others)
  An orc wizard (D:7)
1 creature vanquished.

Grand Total: 243 creatures vanquished

Notes
Turn   | Place    | Note
-------+----------+-------------------------------------------
     0 | D:1      | jagoly the Octopode Transmuter began the quest for the Orb.
     0 | D:1      | Reached XP level 1. HP: 13/13 MP: 3/3
    89 | D:1      | Reached skill level 1 in Poison Magic
   164 | D:1      | Reached XP level 2. HP: 14/18 MP: 3/5
   426 | D:1      | Learned a level 2 spell: Wereblood
   901 | D:1      | Reached XP level 3. HP: 21/23 MP: 4/6
   905 | D:1      | Learned a level 3 spell: Spider Form
  1062 | D:2      | Found a faded altar of an unknown god.
  1319 | D:2      | Noticed Natasha
  1327 | D:2      | Killed Natasha
  1328 | D:2      | Reached skill level 1 in Ice Magic
  1328 | D:2      | Reached XP level 4. HP: 28/28 MP: 1/7
  1549 | D:2      | Noticed Natasha
  1557 | D:2      | Killed Natasha
  1567 | D:2      | Noticed Natasha
  1577 | D:2      | Killed Natasha
  1578 | D:2      | Reached XP level 5. HP: 22/33 MP: 3/9
  2102 | D:3      | Noticed Sigmund
  2832 | D:3      | Learned a level 4 spell: Ice Form
  2840 | D:4      | Noticed Blork the orc
  2854 | D:4      | HP: 1/33 [Blork the orc/magic dart (5)]
  2855 | D:4      | Killed Blork the orc
  2856 | D:4      | Reached XP level 6. HP: 2/38 MP: 6/10
  3299 | D:4      | Noticed Ijyb
  3306 | D:4      | Killed Ijyb
  3708 | D:4      | Noticed geeeeen's ghost (amateur FeEn)
  3795 | D:4      | Found a runed translucent door.
  4310 | D:5      | Entered Level 5 of the Dungeon
  4443 | D:5      | Reached skill level 5 in Transmutations
  4443 | D:5      | Reached XP level 7. HP: 43/43 MP: 11/11
  4572 | D:5      | Noticed Pikel
  4588 | D:4      | Killed Pikel
  4589 | D:4      | Reached skill level 5 in Ice Magic
  4589 | D:4      | Reached XP level 8. HP: 48/48 MP: 12/12
  5187 | D:3      | Killed Sigmund
  5363 | D:4      | Killed geeeeen's ghost
  5783 | D:6      | Reached skill level 1 in Stealth
  5792 | D:6      | Found a glowing golden altar of the Shining One.
  5879 | D:6      | Reached XP level 9. HP: 57/57 MP: 13/13
  6034 | D:6      | Identified the +1 pair of gloves of Somewhere Else {Drain
                  | Regen+ rCorr}
  6394 | D:7      | Found a staircase to the Ecumenical Temple.
  6403 | Temple   | Entered the Ecumenical Temple
  6562 | D:7      | Found an ancient bone altar of Kikubaaqudgha.
  6628 | D:7      | Found a white marble altar of Elyvilon.
  6672 | D:7      | Became a worshipper of Elyvilon the Healer
  6917 | D:7      | Reached skill level 5 in Unarmed Combat
  6924 | D:7      | Reached skill level 5 in Fighting
  7392 | D:7      | HP: 3/91 [orc warrior/+0 hand axe (11)]
  7728 | D:7      | Noticed Menkaure
  7738 | D:7      | Killed Menkaure
  7898 | D:7      | Reached * piety under Elyvilon
  7916 | D:7      | Found a runed translucent door.
  7917 | D:7      | Noticed Crazy Yiuf
  7922 | D:7      | Killed Crazy Yiuf
  8374 | D:8      | Reached XP level 10. HP: 52/69 MP: 14/14
  8836 | D:8      | Found Esuareti's Assorted Antiques.
  8839 | D:8      | Bought a blue potion for 24 gold pieces
  8839 | D:8      | Bought a pink potion for 24 gold pieces
  8992 | D:9      | Reached ** piety under Elyvilon
  9943 | D:9      | Found a staircase to the Orcish Mines.
 10139 | D:10     | Entered Level 10 of the Dungeon
 10153 | D:10     | Reached *** piety under Elyvilon
 10164 | D:10     | Learned a level 3 spell: Ozocubu's Armour
 10207 | D:10     | Found a broken altar of Ashenzari.
 10318 | D:10     | Noticed Sonja
 10425 | D:10     | Identified the ring "Zazenae" {rElec rN+ rCorr EV+4}
 10554 | D:10     | Found a shadowy altar of Dithmenos.
 10564 | D:10     | Found a hazy altar of Hepliaklqana.
 10585 | D:10     | Found an opulent altar of Gozag.
 10623 | D:10     | Noticed a two-headed ogre
 10727 | D:10     | Killed a two-headed ogre
 10814 | D:10     | Reached XP level 11. HP: 78/78 MP: 16/16
 10935 | D:10     | Found a stormy altar of Qazlal.
 10937 | D:10     | Found a radiant altar of Vehumet.
 11020 | D:10     | Reached skill level 5 in Stealth
 11131 | Abyss:1  | Cast into level 1 of the Abyss (Sonja)
 11138 | Abyss:1  | Reached **** piety under Elyvilon
 11219 | Abyss:1  | Noticed a tentacled starspawn
 11221 | Abyss:1  | Noticed a large abomination
 11285 | Abyss:1  | Noticed a sixfirhy
 11293 | Abyss:1  | Killed a sixfirhy
 11294 | Abyss:1  | Noticed a cacodemon
 11391 | Abyss:1  | Found a corrupted altar of Lugonu.
 11446 | Abyss:1  | Reached ***** piety under Elyvilon
 11477 | Abyss:1  | Noticed a thrashing horror
 11491 | D:10     | Escaped the Abyss
 11491 | D:10     | Elyvilon protects you from harm!
 11822 | D:10     | Killed Sonja
 12122 | D:11     | Noticed a manticore
 12123 | D:11     | Noticed Maurice
 12135 | D:10     | Killed a manticore
 12329 | D:11     | Noticed a five-headed hydra
 12335 | D:11     | HP: 3/97 [vampire mosquito[Maurice] (6)]
 12335 | D:11     | Elyvilon protects you from harm!
 12336 | D:11     | Slain by a vampire mosquito

Illustrated notes

Levels and vault maps discovered:
D:1:      spicycebolla_green_bress_n_ham_2, layout_basic
D:2:      layout_loops_cross, shapermc_ecumenical_altar_totnotflames,
          uniq_natasha
D:3:      layout_rooms, chequers_jeans, uniq_sigmund
D:4:      layout_gridville, hellmonk_ghost_happy_afterlife, uniq_ijyb,
          uniq_blork_the_orc
D:5:      layout_cave_pools, uniq_pikel
D:6:      layout_gridville, tso_oasis_becter
D:7:      layout_basic, kiku_gazebo_garden_becter, nicolae_elyvilon_temple_path,
          temple_hall, uniq_crazy_yiuf_cottage, uniq_menkaure
D:8:      layout_basic, serial_shops, nicolae_shop_trees
D:9:      layout_rooms, david_orc_2
D:10:     layout_basic, old_standard_altar, nicolae_overflow_hidden_temple,
          uniq_sonja
D:11:     layout_rooms, david_lair_shrubbed, hellmonk_bongcloud_opening,
          chequers_serial_rivers_marsh, uniq_maurice
Temple:   cyrus_circular_temple

Skill      XL: |  1  2  3  4  5  6  7  8  9 10 11 |
---------------+----------------------------------+-----
Poison Magic   | 1 2 |  2.0
Transmutations | 3 4 5 6 7 8 |  8.0
Ice Magic      | 1 2 4 5 7 8 |  8.0
Spellcasting   | 3 4 |  4.0
Fighting       | 3 6 8 9 |  9.9
Stealth        | 2 4 5 |  5.0
Unarmed Combat | 6 8 9 |  9.8
Dodging        | |  2.0

Action                   |  1- 3 |  4- 6 |  7- 9 | 10-12 || total
-------------------------+-------+-------+-------+-------++-------
Melee: Unarmed           |    68 |   108 |   239 |   279 ||   694
       Constrict         |    23 |    17 |       |       ||    40
       Kick              |    21 |    13 |       |       ||    34
       Tentacles         |    13 |    12 |       |       ||    25
       Punch             |     4 |     1 |       |       ||     5
       Trident           |       |       |    11 |       ||    11
 Fire: Shortbow          |       |    18 |    21 |    28 ||    67
Throw: Dart              |       |     4 |     3 |     4 ||    11
       Stone             |       |     1 |       |       ||     1
 Cast: Beastly Appendage |    19 |    13 |       |       ||    32
       Spider Form       |     1 |    12 |     4 |       ||    17
       Wereblood         |     1 |     1 |    10 |    11 ||    23
       Ice Form          |       |     1 |    27 |    27 ||    55
       Ozocubu's Armour  |       |       |       |    12 ||    12
 Abil: End Transformatio |       |     2 |     3 |     2 ||     7
Evoke: Wand              |       |       |     1 |     2 ||     3
  Use: Scroll            |       |     3 |     3 |     2 ||     8
       Potion            |       |       |     3 |     4 ||     7
 Stab: Sleeping          |     5 |     2 |     1 |       ||     8
       Distracted        |       |       |       |     2 ||     2
Armor: Skin              |       |     9 |    53 |   106 ||   168
Dodge: Dodged            |    40 |    74 |   140 |   223 ||   477
